 Dungeon Crawl Stone Soup version 0.18.1-48-g4cf74bf (webtiles) character file.

56 raph the Charmwright (level 3, -2/24 HPs)
             Began as a High Elf Skald on July 6, 2016.
             Was a Follower of the Shining One.
             Slain by a gnoll
             ... wielding a +0 vampiric halberd
              (10 damage)
             ... on level 2 of the Dungeon.
             The game lasted 00:02:34 (1621 turns).

raph the Charmwright (High Elf Skald)               Turns: 1621, Time: 00:02:35

Health: -2/24      AC:  3    Str: 11    XL:     3   Next: 69%
Magic:  0/7        EV: 11    Int: 16    God:    the Shining One [*.....]
Gold:   130        SH:  0    Dex: 15    Spells: 2 memorised, 3 levels left

rFire  . . .     SeeInvis .     a - +0 falchion
rCold  . . .     Gourm    .     b - +0 leather armour
rNeg   . . .     Faith    .     (no shield)
rPois  .         Spirit   .     (no helmet)
rElec  .         Dismiss  .     (no cloak)
rCorr  .         Reflect  .     (no gloves)
SustAt .         Harm     .     (no boots)
MR     .....                    (no amulet)
Stlth  +.........               (no ring)
                                (no ring)

@: infused, glowing, not resistant to hostile enchantments, very unstealthy
A: no striking features
a: Renounce Religion


You were on level 2 of the Dungeon.
You worshipped the Shining One.
The Shining One was aware of your devotion.
You were hungry.

You visited 1 branch of the dungeon, and saw 2 of its levels.

You collected 130 gold pieces.

Inventory:

Hand Weapons
 a - a +0 falchion (weapon)
Missiles
 o - 4 javelins (quivered)
Armour
 b - a +0 leather armour (worn)
Jewellery
 j - an uncursed amulet of the gourmand {unknown}
Scrolls
 e - a scroll of enchant armour {unknown}
 g - 3 scrolls of identify {unknown}
 h - a scroll of teleportation {unknown}
Potions
 f - 2 potions of heal wounds {unknown}
 i - a potion of curing {unknown}
 l - 2 potions of ambrosia {unknown}
 n - a potion of berserk rage {unknown}
Books
 c - a book of Battle

   Spells                             Type                      Level
   a - Infusion                       Charms                       1
   b - Shroud of Golubria             Charms/Translocation         2
   c - Song of Slaying                Charms                       2
   d - Spectral Weapon                Hexes/Charms                 3
   e - Regeneration                   Charms/Necromancy            3
Comestibles
 d - a bread ration
 k - 5 fruits
 m - a chunk of flesh


   Skills:
 - Level 2.0 Fighting
 + Level 3.7 Long Blades
 - Level 0.8 Armour
 - Level 1.1 Dodging
 - Level 2.4 Spellcasting
 + Level 4.8 Charms


You had 3 spell levels left.
You knew the following spells:

 Your Spells              Type           Power        Failure   Level  Hunger
a - Infusion              Chrm           ###.         4%          1    #......
b - Shroud of Golubria    Chrm/Tloc      #.........   14%         2    ###....


Dungeon Overview and Level Annotations

Branches:
Dungeon (2/15)

Altars:
Nemelex Xobeh
The Shining One


Message History

The bat barely misses you.
Your shroud bends the gnoll's attack away.
A goblin comes into view. It is wielding a club.
You hit the gnoll.
The gnoll is heavily wounded.
Your shroud begins to fray at the edges.
The bat closely misses you. The gnoll hits you with a club.
Your shroud falls apart!
The gnoll hits you from afar with a spear.
You hit the gnoll.
The gnoll is severely wounded.
The bat barely misses you. The gnoll hits you with a club.
The bat hits you but does no damage. The gnoll closely misses you.
The gnoll barely misses you.
You hit the gnoll.
The gnoll is almost dead.
The bat misses you. The bat hits you. The gnoll hits you with a club.
The gnoll barely misses you.
The gnoll hits you from afar with a vampiric halberd!
You die...

.##########<........
... ####.....###.###
.#. #..............#
## +..............+
.. #..............#
.## #..............#
#
####.%............#
........)....######
......g@.....#
........b....#
....ggg..$......
.............###
.l...........#
.............#
.............#
......$......#


You could see 3 gnolls, a goblin, a bat and a giant newt (wandering).

Vanquished Creatures
  A gnoll (D:2)
  An ooze (D:2)
  2 worms
  A dart slug (D:2)
  2 giant cockroaches (D:2)
  4 goblins
  5 hobgoblins
  A ball python (D:1)
  4 bats
  A giant newt (D:2)
  6 kobolds
  8 rats
36 creatures vanquished.

Notes
Turn   | Place    | Note
--------------------------------------------------------------
     0 | D:1      | raph the High Elf Skald began the quest for the Orb.
     0 | D:1      | Reached XP level 1. HP: 14/14 MP: 4/4
   247 | D:1      | Reached skill level 4 in Charms
   323 | D:1      | Reached XP level 2. HP: 16/19 MP: 3/6
   776 | D:1      | Learned a level 2 spell: Shroud of Golubria
  1121 | D:2      | Reached XP level 3. HP: 18/24 MP: 3/7
  1291 | D:2      | Found a sparkling altar of Nemelex Xobeh.
  1521 | D:2      | Found a faded altar to an unknown god.
  1528 | D:2      | Became a worshipper of the Shining One
  1528 | D:2      | Reached * piety under the Shining One
  1621 | D:2      | Slain by a gnoll

Skill      XL: |  1  2 |
---------------+-------+-----
Charms         | 4 |  4.8
Long Blades    | 3 |  3.7
Fighting       | |  2.0
Armour         | |  0.8
Dodging        | |  1.1
Spellcasting   | |  2.4

Action                   || total
-------------------------++-------
Melee: Falchion          ||    84
 Cast: Infusion          ||    18
       Shroud of Golubri ||     2
 Stab: Sleeping          ||     1
  Eat: Chunk             ||     2
Armor: Leather armour    ||    32
Dodge: Dodged            ||    54
